 Dungeon Crawl Stone Soup version 0.30.1-3-gfc49f6343a (webtiles) character file.

Game seed: 287887563856929403

654 gool the Caller (level 7, -5/36 HPs)
             Began as a Kobold Summoner on July 30, 2023.
             Slain by an ice beast (6 damage)
             ... on level 4 of the Dungeon.
             The game lasted 00:09:15 (3880 turns).

gool the Caller (Kobold Summoner)                   Turns: 3880, Time: 00:09:17

Health: -5/36      AC:  2    Str:  6    XL:     7   Next: 84%
Magic:  9/14       EV: 21    Int: 18    God:
Gold:   116        SH:  0    Dex: 15    Spells: 10/15 levels left

rFire   . . .        d - +2 short sword
rCold   . . .        (no shield)
rNeg    . . .        a - +0 robe
rPois   .            (no helmet)
rElec   .            (no cloak)
rCorr   .            (no gloves)
SInv    .            (no boots)
Will    .....        (no amulet)
Stlth   ++++         c - +5 ring of evasion
HPRegen 0.26/turn    (no ring)
MPRegen 0.14/turn

%: no passive effects
@: no status effects
A: small, no large weapons, nightstalker 3
a: no special abilities


You were on level 4 of the Dungeon.
You visited 1 branch of the dungeon, and saw 5 of its levels.

You collected 116 gold pieces.

Inventory:

Hand Weapons
 d - a +2 short sword (weapon)
Armour
 a - a +0 robe (worn)
 h - a +1 leather armour of willpower
Jewellery
 c - a +5 ring of evasion (left hand)
Scrolls
 i - a scroll of immolation
Potions
 b - a potion of magic


   Skills:
 + Level 3.6 Short Blades
 + Level 4.1 Dodging
 + Level 5.2 Stealth
 * Level 4.6 Spellcasting
 * Level 5.8 Summonings


You had 10 spell levels left.
You knew the following spells:

 Your Spells              Type           Power      Damage    Failure   Level
b - Call Imp              Summ           50%        N/A       1%          2
c - Call Canine Familiar  Summ           25%        N/A       3%          3

Your spell library contained the following spells:

 Spells                   Type           Power      Damage    Failure   Level
 Summon Small Mammal      Summ           100%       N/A       1%          1
 Summon Guardian Golem    Hex/Summ       14%        N/A       12%         3
 Vhi's Electric Charge    Tloc/Air       8%         N/A       38%         3
 Summon Lightning Spire   Summ/Air       14%        N/A       38%         4
 Arcjolt                  Conj/Air       2%         1d12      98%         5
 Maxwell's Capacitive Co  Air            2%         ∞         100%        8


Dungeon Overview and Level Annotations

Branches:
Dungeon (5/15)
 Temple: D:4-7

Altars:

Shops:
D:4 *

Annotations:
D:4 Menkaure


Innate Abilities, Weirdness & Mutations

You are small and have problems with some larger weapons.
You are completely attuned to the shadows.


Message History

Magic restored.
You start resting.
HP restored.
You start waiting.
Done waiting.
You climb downwards.
The orc completely misses you.
There is a stone staircase leading up, spattered with blood here.
The orc hits you with a +0 hand axe. The ice beast closely misses you.
You climb upwards.
Level annotation: Menkaure
There is a stone staircase leading down here.
Casting: Call Canine Familiar (dangerous; 3% risk of failure)
Confirm with . or Enter, or press ? or * to list all spells.
A tiny devil pulls itself out of the air.
The ice beast closely misses you. The orc misses you.
Casting: Call Imp (safe; 1% risk of failure)
Confirm with . or Enter, or press ? or * to list all spells.
The ice beast misses you. The orc completely misses you.
Your cerulean imp hits the ice beast with a -2 spear.
You barely miss the ice beast.
The ice beast is lightly wounded.
The ice beast hits you. The ice beast freezes you! The orc barely misses you.
Your hound bites the ice beast.
You hit the ice beast.
The ice beast is lightly wounded.
Your cerulean imp hits the ice beast with a -2 spear.
Your hound bites the ice beast.
The orc closely misses you. The ice beast hits you. The ice beast freezes you!
* * * LOW HITPOINT WARNING * * *
You hit the orc but do no damage.
Your hound closely misses the ice beast.
Your cerulean imp hits the ice beast with a -2 spear.
You hit the ice beast but do no damage.
The ice beast is heavily wounded.
Your hound barely misses the ice beast.
The orc hits you with a +0 hand axe.
* * * LOW HITPOINT WARNING * * *
The ice beast hits you.
* * * LOW HITPOINT WARNING * * *
The ice beast freezes you.
You die...

########### #.........#
#.<.......# ..........########
#.........##.....###############
...............................##
#...)..........5h.#.##########...
#.........##)###Y#.## ####
#.[.......##.# #@#.# ***
#.........##.# #o#.#*********,**
*.#...######.# #....,,,,,,,,,*,*
,......## #.# ##.#,*********,**
,.......####.#**,##*,** *,*
,....<.......#*,** **,** **,**
,.......#####*,** **,* **,*,**
,,....#..# **,** **,** **,***,*
*,#....#.# *,,***,*****,** **,


You could see an ice beast (ally target), an orc, a friendly hound (summoned)
and a friendly cerulean imp (summoned).

Vanquished Creatures
  Eustachio (D:4)
  2 scorpions
  An iguana (D:4)
  An adder (D:3)
  A dart slug (D:1)
  6 orcs
  3 endoplasms
  2 giant cockroaches
  5 goblins
  7 hobgoblins
  3 quokkas (D:1)
  5 ball pythons
  4 bats
  A frilled lizard (D:3)
  4 kobolds
  3 rats
49 creatures vanquished.

Vanquished Creatures (collateral kills)
  2 black bears
  Blork the orc (D:4)
  5 gnolls
  2 adders (D:3)
  An orc (D:3)
  A ball python (D:1)
  2 endoplasms (D:3)
  A giant cockroach (D:3)
  A kobold (D:1)
  A quokka (D:1)
  2 frilled lizards
  A rat (D:1)
20 creatures vanquished.

Grand Total: 69 creatures vanquished

Notes
Turn   | Place    | Note
-------+----------+-------------------------------------------
     0 | D:1      | gool the Kobold Summoner began the quest for the Orb.
     0 | D:1      | Reached XP level 1. HP: 10/10 MP: 3/3
   259 | D:1      | Reached XP level 2. HP: 15/15 MP: 1/5
   262 | D:1      | Learned a level 2 spell: Call Imp
   424 | D:1      | Found a faded altar of an unknown god.
   509 | D:1      | Reached skill level 1 in Short Blades
   509 | D:1      | Reached XP level 3. HP: 19/19 MP: 1/6
   562 | D:1      | Learned a level 3 spell: Call Canine Familiar
  1788 | D:2      | Reached XP level 4. HP: 18/24 MP: 2/8
  2416 | D:3      | Reached XP level 5. HP: 28/28 MP: 9/9
  2449 | D:3      | Noticed a black bear
  2464 | D:3      | Killed a black bear
  2465 | D:3      | Reached XP level 6. HP: 32/32 MP: 8/11
  2827 | D:3      | Reached skill level 5 in Summonings
  3115 | D:4      | Noticed Blork the orc
  3128 | D:4      | Killed Blork the orc
  3181 | D:4      | Found Luixt's General Store.
  3241 | D:4      | Noticed Eustachio
  3251 | D:4      | Reached XP level 7. HP: 28/36 MP: 6/13
  3321 | D:4      | Killed Eustachio
  3444 | D:4      | Noticed Menkaure
  3581 | D:5      | Entered Level 5 of the Dungeon
  3585 | D:5      | Reached skill level 5 in Stealth
  3880 | D:4      | HP: 1/36 [ice beast (3)]
  3880 | D:4      | Slain by an ice beast

Illustrated notes

Levels and vault maps discovered:
D:1:      dpeg_arrival_rhombi, layout_loops_cross,
          shapermc_ecumenical_altar_venn, minmay_misc_feat_columns,
          minmay_indecisive_spiral
D:2:      layout_basic, grunt_ministairs_4
D:3:      layout_basic
D:4:      layout_loops_ring, serial_shops, nicolae_shop_rolling_square,
          uniq_blork_the_orc, uniq_menkaure, uniq_eustachio
D:5:      layout_cave_pods, serial_park, serial_park_square1
          [serial_park_minivault_5x5_4], serial_park_fountain,
          serial_park_tiny_2, serial_park_tiny_2

Skill      XL: |  1  2  3  4  5  6  7 |
---------------+----------------------+-----
Short Blades   | 1 2 3 |  3.6
Stealth        | 3 4 5 |  5.2
Spellcasting   | 3 4 |  4.6
Dodging        | 3 4 |  4.1
Summonings     | 5 |  5.8

Action                     |  1- 3 |  4- 6 |  7- 9 || total
---------------------------+-------+-------+-------++-------
  Melee: Short sword       |    61 |    58 |    28 ||   147
         Dagger            |     3 |       |       ||     3
         Punch             |       |       |     1 ||     1
   Cast: Summon Small Mamm |    11 |       |       ||    11
         Call Imp          |     6 |     5 |     6 ||    17
         Call Canine Famil |     1 |     9 |     8 ||    18
    Use: Scroll            |     1 |     9 |     2 ||    12
         Potion            |       |     6 |     1 ||     7
   Stab: Sleeping          |    12 |    15 |     2 ||    29
         Distracted        |     1 |       |     1 ||     2
 Armour: Robe              |     7 |     3 |       ||    10
         Skin              |       |    11 |       ||    11
  Dodge: Dodged            |    45 |    40 |    26 ||   111
